 Dungeon Crawl Stone Soup version 0.32-a0-361-g289a535e89 (webtiles) character file.

Game seed: 10587079863621919774

1728 PriceMaster the Firebug (level 9, -3/58 HPs)
             Began as an Octopode Fire Elementalist on Feb 18, 2024.
             Was a Follower of Makhleb.
             Shot with an arrow by a centaur (14 damage)
             ... on level 6 of the Dungeon on Feb 19, 2024.
             The game lasted 00:09:49 (6576 turns).

PriceMaster the Firebug (OpFE)                      Turns: 6576, Time: 00:09:50

Health: -3/58      AC:  1    Str: 13    XL:     9   Next: 5%
Magic:  10/18      EV: 14    Int: 19    God:    Makhleb [*.....]
Gold:   220        SH:  0    Dex: 11    Spells: 10/20 levels left

rFire   . . .        l - +3 dagger (drain)
rCold   . . .        (no shield)
rNeg    . . .        (helmet restricted)
rPois   .            b - amulet of faith
rElec   .            (no ring)
rCorr   .            (no ring)
SInv    .            (no ring)
Will    .....        (no ring)
Stlth   ++++         (no ring)
HPRegen 0.29/turn    (no ring)
MPRegen 0.16/turn    (no ring)
                     (no ring)

%: faith
@: no status effects
A: almost no armour, amphibious, 8 rings, camouflage 1, gelatinous body 1,
(nimble swimmer 1), tentacles, tentacle spike 2, strong 1
a: Renounce Religion


You were on level 6 of the Dungeon.
You worshipped Makhleb.
Makhleb was aware of your devotion.
You visited 1 branch of the dungeon, and saw 6 of its levels.

You collected 220 gold pieces.

Inventory:

Hand Weapons
 e - a +0 spear
 j - a +0 whip
 l - a +3 dagger of draining (weapon)
 s - a +1 whip of venom
Missiles
 a - 4 throwing nets
Jewellery
 b - an amulet of faith (around mantle)
Wands
 g - a wand of roots (14)
 k - a wand of flame (24)
Scrolls
 q - a scroll of amnesia {unknown}
 r - a scroll of revelation {unknown}
 u - a scroll of blinking {unknown}
Potions
 d - a potion of brilliance
 h - a potion of lignification {unknown}
 i - 2 potions of degeneration {unknown}
 m - a potion of cancellation {unknown}
 o - 4 potions of heal wounds {unknown}
 p - a potion of ambrosia {unknown}
 t - 2 potions of haste {unknown}


   Skills:
 + Level 4.2 Fighting
 + Level 1.0 Short Blades
 + Level 0.1 Polearms
 + Level 4.9 Dodging
 + Level 7.3 Stealth
 + Level 6.4 Spellcasting
 + Level 4.8 Conjurations
 + Level 4.7 Hexes
 + Level 7.5 Fire Magic
 + Level 4.3 Alchemy
 + Level 0.5 Evocations


You had 10 spell levels left.
You knew the following spells:

 Your Spells              Type           Power      Damage    Failure   Level
a - Foxfire               Conj/Fire      100%       2x1d9     1%          1
b - Scorch                Fire           68%        2d7       1%          2
c - Inner Flame           Hex/Fire       29%        N/A       2%          3
d - Sticky Flame          Fire/Alch      28%        2d7       10%         4

Your spell library contained the following spells:

 Spells                   Type           Power      Damage    Failure   Level
 Volatile Blastmotes      Fire/Tloc      40%        2d13      7%          3
 Flame Wave               Conj/Fire      29%        2d9       9%          4
 Ignite Poison            Fire/Alch      28%        N/A       10%         4
 Stone Arrow              Conj/Erth      30%        3d8       12%         3
 Ignition                 Fire           17%        3d7       100%        8
 Lehudib's Crystal Spear  Conj/Erth      7%         10d3      100%        8
 Animate Armour           Summ/Erth      Unusable   N/A       N/A         4

Dungeon Overview and Level Annotations

Branches:
Dungeon (6/15)             Temple (0/1) D:5

Altars:
Makhleb
Sif Muna
Vehumet
Xom


Innate Abilities, Weirdness & Mutations

You cannot wear most types of armour.
You are amphibious.
You can wear up to eight rings at the same time.
Your skin changes colour to match your surroundings (Stealth+).
Your rubbery body absorbs attacks. (AC +1, EV +1)
((You are camouflaged when in or above water. (Stealth+)))
You have tentacles for arms and can constrict up to eight enemies at once.
One of your tentacles bears a nasty spike.
Your muscles are strong. (Str +4, Int/Dex -1)


Message History

The centaur is moderately wounded.
The centaur shouts!
The centaur wields a +0 shortbow.
The centaur shoots an arrow.
The arrow hits you.
You hear an angry hiss.
Casting: Inner Flame (dangerous; 2% risk of failure)
Confirm with . or Enter, or press ? or * to list all spells.
You conjure some foxfire!
The centaur shoots an arrow.
The arrow hits you!
The ogre hits you with a +0 giant club!!
Ouch! That really hurt!
* * * LOW HITPOINT WARNING * * *
The foxfire hits the ogre!
Flame seeps out of the ogre.
The ogre is heavily wounded.
The centaur shoots an arrow.
The arrow misses you.
Unknown command.
Okay, then.
The centaur shoots an arrow.
The arrow completely misses you.
The ogre is engulfed in blazing flames.
Makhleb accepts your kill.
The ogre explodes!
You hear a shout!
You have reached level 9!
Your experience leads to an increase in your attributes!
Your base attributes are Str 7, Int 20, Dex 12.
Increase (S)trength, (I)ntelligence, or (D)exterity?
You feel stronger. x2
The jelly is engulfed in blazing flames.
You kill the jelly!
Makhleb accepts your kill.
Okay, then.
Casting: Foxfire (safe; 1% risk of failure)
Confirm with . or Enter, or press ? or * to list all spells.
You conjure some foxfire!
Casting: Foxfire (safe; 1% risk of failure)
Confirm with . or Enter, or press ? or * to list all spells.
You conjure some foxfire!
Casting: Foxfire (safe; 1% risk of failure)
Confirm with . or Enter, or press ? or * to list all spells.
You conjure some foxfire!
The centaur shoots an arrow.
The arrow hits you!
You die...

#........ .
#.......# ##...
........###.#.##
.......<#.#....#
.###.#...........
(.####......##...
........#§...#
....§§.§v§v..#
....vv§@§..#.# #
...§§§v§##c#§#..#.#
#.§v§####+..)......
#§§§# #.........
..# #......... .
##<#.....#
..#.(.... ...#..?..
.$# #....


You could see a centaur (ally target).

Vanquished Creatures
  A black bear (D:5)
  2 ogres
  A howler monkey (D:5)
  2 bombardier beetles
  A crimson imp (D:4)
  A gnoll bouda (D:5)
  3 hounds
  3 iguanas
  A jelly (D:6)
  Crazy Yiuf (D:5)
  Ijyb (D:3)
  Terence (D:3)
  4 adders
  8 gnolls
  2 ufetubi (D:5)
  2 dart slugs
  5 ribbon worms
  A ball python (D:3)
  6 bats
  4 endoplasms
  5 giant cockroaches
  3 goblins
  5 hobgoblins
  6 jackals
  3 kobolds (D:1)
  A quokka (D:5)
  2 frilled lizards
  5 rats
80 creatures vanquished.

Vanquished Creatures (others)
  186 foxfires
186 creatures vanquished.

Grand Total: 266 creatures vanquished

Notes
Turn   | Place    | Note
-------+----------+-------------------------------------------
     0 | D:1      | PriceMaster the Octopode Fire Elementalist began the quest
                  | for the Orb.
     0 | D:1      | Reached XP level 1. HP: 11/11 MP: 3/3
   192 | D:1      | Reached XP level 2. HP: 17/17 MP: 1/5
   192 | D:1      | Upgraded the game from 0.32-a0-350-g4f4d228785 to
                  | 0.32-a0-361-g289a535e89
   873 | D:1      | Reached XP level 3. HP: 21/21 MP: 3/6
   876 | D:1      | Learned a level 2 spell: Scorch
   880 | D:1      | Learned a level 3 spell: Inner Flame
  1308 | D:2      | Identified the +5 scale mail of the Good {Will+}
  1371 | D:2      | Reached XP level 4. HP: 27/27 MP: 0/8
  2136 | D:3      | Noticed Ijyb
  2143 | D:3      | Killed Ijyb
  2360 | D:3      | Reached XP level 5. HP: 31/31 MP: 7/9
  2560 | D:3      | Found a faded altar of an unknown god.
  3154 | D:3      | Noticed Terence
  3158 | D:3      | Killed Terence
  3639 | D:4      | Reached XP level 6. HP: 36/36 MP: 2/11
  3874 | D:4      | Found a radiant altar of Vehumet.
  3882 | D:4      | Found a burning altar of Makhleb.
  4314 | D:4      | Became a worshipper of Makhleb the Destroyer
  4478 | D:4      | Reached skill level 5 in Fire Magic
  4839 | D:5      | Entered Level 5 of the Dungeon
  4898 | D:5      | Reached XP level 7. HP: 18/41 MP: 1/13
  4999 | D:5      | Reached skill level 1 in Hexes
  5210 | D:5      | Found a runed translucent door.
  5211 | D:5      | Noticed Crazy Yiuf
  5374 | D:5      | Found a shimmering blue altar of Sif Muna.
  5452 | D:5      | Found a staircase to the Ecumenical Temple.
  5696 | D:5      | Learned a level 4 spell: Sticky Flame
  5719 | D:5      | Reached skill level 1 in Short Blades
  5727 | D:5      | Reached * piety under Makhleb
  5837 | D:5      | Reached skill level 5 in Spellcasting
  6084 | D:5      | Found a shimmering altar of Xom.
  6381 | D:5      | Gained mutation: You possess an exceptional clarity of
                  | mind. [potion of mutation]
  6382 | D:5      | Lost mutation: You possess an exceptional clarity of mind.
                  | [potion of mutation]
  6382 | D:5      | Gained mutation: Your muscles are strong. (Str +4, Int/Dex
                  | -1) [potion of mutation]
  6382 | D:5      | Gained mutation: One of your tentacles bears a spike.
                  | [potion of mutation]
  6382 | D:5      | Gained mutation: One of your tentacles bears a nasty spike.
                  | [potion of mutation]
  6484 | D:5      | Reached XP level 8. HP: 54/54 MP: 14/17
  6488 | D:5      | Killed Crazy Yiuf
  6572 | D:6      | Reached XP level 9. HP: 10/58 MP: 13/18
  6576 | D:6      | Shot with an arrow by a centaur

Illustrated notes

Levels and vault maps discovered:
D:1:      scummos_arrival_star, layout_basic, dreamdust_wishing_well,
          supply_closet_lemuel, minivault_25
D:2:      layout_basic
D:3:      layout_loops_corners, shapermc_ecumenical_altar_mp_urbaneastern,
          chequers_garden, uniq_ijyb, uniq_terence
D:4:      layout_cave_pools, grunt_temple_overflow_lords_of_destruction
D:5:      layout_basic, lemuel_doored_altar,
          mainiacjoe_overflow_six_doors_small, minmay_temple_entry_mini_moons,
          uniq_crazy_yiuf_cottage
D:6:      layout_cave_pools, mainiacjoe_overflow_divided_tiny,
          nicolae_overflow_hidden_temple, ebering_ghost_sewer_d, st_stairs_8

Skill      XL: |  1  2  3  4  5  6  7 |
---------------+----------------------+-----
Stealth        | 3 7 |  7.3
Spellcasting   | 3 4 6 |  6.4
Fire Magic     | 4 5 7 |  7.5
Conjurations   | 2 4 |  4.8
Hexes          | 4 |  4.7
Short Blades   | 1 |  1.0
Fighting       | 4 |  4.2
Dodging        | 4 |  4.9
Alchemy        | 4 |  4.3
Polearms       | |  0.1
Evocations     | |  0.5

Action                     |  1- 3 |  4- 6 |  7- 9 || total
---------------------------+-------+-------+-------++-------
  Melee: Unarmed           |    13 |       |       ||    13
         Tentacles         |     5 |    10 |     1 ||    16
         Constrict         |     6 |    10 |     1 ||    17
         Spear             |     6 |    10 |       ||    16
         Dagger            |       |    30 |     8 ||    38
   Cast: Foxfire           |    41 |    67 |    16 ||   124
         Scorch            |     3 |    12 |    14 ||    29
         Inner Flame       |     3 |    16 |    10 ||    29
  Evoke: Wand              |       |     6 |       ||     6
    Use: Potion            |     2 |     3 |     4 ||     9
         Scroll            |     1 |     6 |     1 ||     8
   Stab: Sleeping          |     3 |     3 |       ||     6
         Distracted        |       |     1 |       ||     1
 Armour: Skin              |     9 |    25 |    13 ||    47
  Dodge: Dodged            |    13 |    30 |    10 ||    53

Table legend: (Time is in decaauts)
 A = Elapsed time spent in this place.
 B = Non-inter-level travel time spent in this place.
 C = Inter-level travel time spent in this place.
 D = Time resting spent in this place.
 E = Time spent auto-exploring this place.
 F = Levels seen in this place.
 G = Mean time per level.
                   A        B        C        D        E       F      G
               +--------+--------+--------+--------+--------+-----+--------+
         Total |   6573 |   6386 |    187 |   1473 |   4278 |   6 | 1095.5 |
       Dungeon |   6573 |   6386 |    187 |   1473 |   4278 |   6 | 1095.5 |
               +--------+--------+--------+--------+--------+-----+--------+

Top non-repeatable levels by time:
     D:5: 1712 daAuts
     D:3: 1560 daAuts
     D:4: 1235 daAuts
     D:1: 1150 daAuts
     D:2: 891 daAuts
     D:6: 22 daAuts
